 Dungeon Crawl Stone Soup version 0.26-a0-812-g31a745ddcd (webtiles) character file.

Game seed: 4680411340120316851

(classic levelgen) 14074 EnegeticOcto the Pandemonic (level 11, -3/99 HPs)
             Began as a Deep Dwarf Fighter on Dec 3, 2020.
             Was a High Priest of Makhleb.
             Slain by a very large slime creature (44 damage)
             ... on level 12 of the Dungeon.
             The game lasted 00:07:07 (7354 turns).

EnegeticOcto the Pandemonic (Deep Dwarf Fighter)    Turns: 7354, Time: 00:07:08

Health: -3/99      AC: 21    Str: 31    XL:     11   Next: 83%
Magic:  12/12      EV:  7    Int: 11    God:    Makhleb [*****.]
Gold:   497        SH: 13    Dex:  7    Spells: 10/10 levels left

rFire    . . .     SeeInvis +   h - +5 broad axe (flame)
rCold    . . .     Faith    .   c - +1 kite shield
rNeg     . . .     Spirit   .   u - +0 plate armour
rPois    .         Reflect  .   I - +3 crown of Dyrovepreva {rElec Int+2 SInv}
rElec    +         Harm     .   b - +0 cloak
rCorr    .         Rampage  .   J - +2 pair of gloves {Str+3}
MR       ++...                  (no boots)
Stlth    ..........             E - amulet "Ceulup Soha" {MR+ Regen+ Str+5 Dex-5}
HPRegen  0.00/turn              (no ring)
MPRegen  0.13/turn              (no ring)

@: non-regenerating
A: damage resistance, heal wounds, sense surroundings 2, no regeneration
a: Heal Wounds, Minor Destruction, Lesser Servant of Makhleb, Major Destruction,
Greater Servant of Makhleb, Renounce Religion


You were on level 12 of the Dungeon.
You worshipped Makhleb.
Makhleb was extremely pleased with you.
You visited 3 branches of the dungeon, and saw 14 of its levels.
You also visited: Bailey.

You collected 1307 gold pieces.
You spent 810 gold pieces at shops.

Inventory:

Hand Weapons
 a - a +1 broad axe
 h - a +5 broad axe of flaming (weapon)
 y - a +0 scimitar of distortion
 B - a +0 whip of electrocution
Missiles
 H - a throwing net (quivered)
Armour
 b - a +0 cloak (worn)
 c - a +1 kite shield (worn)
 u - a +0 plate armour (worn)
 I - the +3 crown of Dyrovepreva (worn) {rElec Int+2 SInv}
   (You bought it in a shop on level 11 of the Dungeon)

   It affects your intelligence (+2).
   It insulates you from electricity.
   It lets you see invisible.
 J - a +2 pair of gloves of strength (worn)
Jewellery
 E - the amulet "Ceulup Soha" (around neck) {MR+ Regen+ Str+5 Dex-5}
   (You found it on level 7 of the Dungeon)

   [amulet of regeneration]

   It affects your strength (+5).
   It affects your dexterity (-5).
   It affects your resistance to hostile enchantments.
   It increases your rate of regeneration.
Wands
 j - a wand of disintegration (13)
 p - a wand of acid (10) {@v1}
 q - a wand of digging (11) {@v3}
 s - a wand of iceblast (21) {@v2}
Scrolls
 i - 7 scrolls of teleportation {@r3}
 n - 4 scrolls of fear
 r - 9 scrolls of remove curse {@r2}
 w - a scroll of fog
 A - a scroll of holy word
 C - a scroll of blinking
 G - a scroll of identify {@r1}
Potions
 d - a potion of might {@q3}
 e - a potion of attraction
 f - 10 potions of ambrosia
 g - 2 potions of magic
 k - a potion of cancellation
 l - 3 potions of lignification
 m - 2 potions of berserk rage
 o - 2 potions of degeneration
 t - a potion of haste {@q4}
 v - 3 potions of brilliance {unknown}
 x - 2 potions of mutation {unknown}
 z - 5 potions of curing {unknown}
 D - 9 potions of heal wounds {unknown}
 F - a potion of invisibility


   Skills:
 + Level 6.9 Fighting
 * Level 11.1 Axes
 - Level 5.7 Throwing
 + Level 8.3 Armour
 + Level 2.4 Dodging
 + Level 8.3 Shields
 * Level 11.3 Invocations
 + Level 2.7 Evocations


You had 10 spell levels left.
You didn't know any spells.
Your spell library was empty.

Dungeon Overview and Level Annotations

Branches:
Dungeon (12/15)            Temple (1/1) D:5            Lair (1/6) D:11
    Orc (0/2) D:9          Bailey (visited)

Altars:
Ashenzari
Cheibriados
Dithmenos
Elyvilon
Fedhas
Hepliaklqana
Makhleb
Nemelex Xobeh
Okawaru
Ru
Trog
Uskayaw
Vehumet
Wu Jian
Xom
Yredelemnul
Zin
The Shining One

Shops:
D:11 [


Innate Abilities, Weirdness & Mutations

You are resistant to damage.
You can heal yourself by infusing magical energy.
You passively map the area around you.
You do not regenerate.


Message History

No target in view!
No target in view!
No target in view!
No target in view!
No target in view!
No target in view!
No target in view!
No target in view!
No target in view!
No target in view!
As you read the scroll of enchant armour, it crumbles to dust.
Your +1 pair of gloves of strength glows green for a moment.
i - 7 scrolls of teleportation {@r3} (gained 1)
Found a stone staircase leading up.
There is a stone staircase leading up here.
Found a flail.
A boulder beetle comes into view.
A boulder beetle is nearby!
A boulder beetle is nearby!
A boulder beetle is nearby!
A slime creature comes into view.
The slime creature quivers. 2 slime creatures come into view.
The slime creature quivers.
A water moccasin comes into view.
The water moccasin hisses angrily.
You block the slime creature's attack.
Found a scroll of remove curse.
You slash the slime creature! You burn the slime creature.
The slime creature is moderately wounded.
You block the slime creature's attack.
A slime creature comes into view.
The boulder beetle falls through a shaft!
The shaft crumbles and collapses.
You slash the slime creature! You burn the slime creature.
The slime creature is severely wounded.
You block the slime creature's attack.
A slime creature comes into view.
The slime creature hits you but does no damage.
Two slime creatures merge to form a large slime creature.
The slime creature moves out of view.
You slice the large slime creature!! You burn the large slime creature.
The large slime creature is heavily wounded.
Two slime creatures merge to form a very large slime creature.
You slash the very large slime creature!
You burn the very large slime creature.
The very large slime creature is heavily wounded.
You slash the water moccasin! You burn the water moccasin.
You block the water moccasin's attack. The water moccasin barely misses you.
Two slime creatures merge to form an enormous slime creature.
You slash the water moccasin! You burn the water moccasin.
You kill the water moccasin!
Makhleb accepts your kill.
You feel better.
You slash the enormous slime creature! You burn the enormous slime creature.
You block the enormous slime creature's attack.
You slash the enormous slime creature! You burn the enormous slime creature.
The enormous slime creature is heavily wounded.
An enormous slime creature splits.
Two slime creatures merge to form a very large slime creature.
Your shield and plate armour prevent you from hitting the large slime creature.
The large slime creature is heavily wounded.
You barely miss the very large slime creature.
A large slime creature splits.
You slice the slime creature!! You burn the slime creature.
You kill the slime creature!
Makhleb accepts your kill.
You slash the very large slime creature!
You burn the very large slime creature! You barely miss the slime creature.
You block the very large slime creature's attack.
The slime creature hits you.
The very large slime creature hits you but does no damage.
You hit the slime creature but do no damage.
The slime creature is moderately wounded.
You barely miss the very large slime creature.
The slime creature hits you but does no damage.
The very large slime creature hits you.
Your plate armour prevents you from hitting the slime creature.
The slime creature is moderately wounded.
You barely miss the very large slime creature.
You block the slime creature's attack.
The very large slime creature hits you but does no damage.
You slash the slime creature! You burn the slime creature.
The slime creature is heavily wounded.
You slice the very large slime creature!!
You burn the very large slime creature.
The slime creature hits you but does no damage.
The very large slime creature hits you!!!
Ouch! That really hurt!
The slime creature hits you but does no damage.
You hit the slime creature. You burn the slime creature.
The slime creature is heavily wounded.
You barely miss the very large slime creature.
The very large slime creature hits you but does no damage.
The slime creature hits you but does no damage.
You hit the slime creature. You burn the slime creature.
The slime creature is severely wounded.
You hit the very large slime creature. You burn the very large slime creature.
The very large slime creature hits you!!!
You die...

.# #.#.# .# #.#.# .#
#.#.# .# #.#.# .#
#.#.# #######* *
.#######.#.#####.....
,
........#..........,
, ,
########.#.#####.# ,
, , #.#......@# * *
#.#######JJ...... *
#.. , ....).... , ,
### *##.......? *
####...##* *...# ..#
*###


You could see a very large slime creature and a slime creature.

Vanquished Creatures
  A two-headed ogre (D:9)
  Pikel (D:5)
  Psyche (D:8)
  2 cane toads (Lair:1)
  A centaur skeleton (D:11)
  A queen bee (D:11)
  4 trolls
  Prince Ribbit (D:7)
  5 slime creatures (D:12)
  A shadow (D:12)
  A wraith (D:11)
  3 yaks (Lair:1)
  A warg (D:8)
  Edmund (D:5)
  3 water moccasins
  Duvessa (D:5)
  4 black bears
  2 sky beasts
  13 orc warriors
  2 ice beasts
  2 necrophages
  2 eyes of draining (D:11)
  9 ogres
  9 centaurs
  A big kobold (D:9)
  Blork the orc (D:5)
  8 bullfrogs
  5 gnoll sergeants (D:9)
  Dowan (D:5)
  5 scorpions
  30 killer bees
  13 wights
  4 howler monkeys (D:7)
  A bullfrog zombie (D:7)
  A quasit (D:8)
  3 bullfrog skeletons
  4 jellies
  6 hounds
  2 orc priests (D:11)
  Crazy Yiuf (D:5)
  7 orc wizards
  An iguana (D:8)
  9 worker ants
  2 hound zombies
  A hound skeleton (D:7)
  3 worker ant zombies
  8 gnolls
  2 howler monkey skeletons
  6 adders
  2 shadow imps
  2 white imps
  An ufetubus (D:8)
  An adder skeleton (D:4)
  2 worms
  2 dart slugs (D:1)
  3 leopard geckos
  39 orcs
  4 bats (D:1)
  3 giant cockroaches
  4 goblins
  5 hobgoblins
  14 jackals
  7 kobolds (D:1)
  5 quokkas
  2 ball pythons (D:1)
  2 frilled lizards
  A leopard gecko zombie (D:6)
  6 rats
301 creatures vanquished.

Vanquished Creatures (others)
  A fungus (Lair:1)
  A plant (Lair:1)
2 creatures vanquished.

Grand Total: 303 creatures vanquished

Notes
Turn   | Place    | Note
-------+----------+-------------------------------------------
     0 | D:1      | EnegeticOcto the Deep Dwarf Fighter began the quest for the
                  | Orb.
     0 | D:1      | Reached XP level 1. HP: 20/20 MP: 1/1
    73 | D:1      | Reached XP level 2. HP: 27/27 MP: 2/2
   454 | D:2      | Reached XP level 3. HP: 26/33 MP: 3/3
   552 | D:4      | Noticed a necrophage
   566 | D:4      | Killed a necrophage
   566 | D:4      | Reached skill level 1 in Throwing
   566 | D:4      | Reached XP level 4. HP: 33/41 MP: 4/4
   705 | D:4      | Reached XP level 5. HP: 38/48 MP: 5/5
   716 | D:4      | Noticed an ogre
   726 | D:4      | Killed an ogre
  1203 | D:5      | Entered Level 5 of the Dungeon
  1203 | D:5      | Noticed an orc warrior
  1217 | D:4      | Reached XP level 6. HP: 28/56 MP: 6/6
  1234 | D:5      | Killed an orc warrior
  1267 | D:5      | Noticed Blork the orc
  1274 | D:5      | Reached skill level 5 in Axes
  1286 | D:5      | Killed Blork the orc
  1286 | D:5      | Reached XP level 7. HP: 29/63 MP: 6/6
  1305 | D:5      | Found a staircase to the Ecumenical Temple.
  1314 | Temple   | Entered the Ecumenical Temple
  1366 | Temple   | Became a worshipper of Makhleb the Destroyer
  1413 | D:5      | Reached skill level 1 in Invocations
  1534 | D:5      | Found a runed translucent door.
  1535 | D:5      | Noticed Crazy Yiuf
  1548 | D:5      | Noticed Duvessa
  1549 | D:5      | Noticed Dowan
  1557 | D:5      | Noticed Edmund
  1567 | D:5      | Killed Duvessa
  1605 | D:5      | Killed Edmund
  1605 | D:5      | Reached skill level 5 in Armour
  1605 | D:5      | Reached skill level 5 in Shields
  1609 | D:5      | Killed Dowan
  1696 | D:5      | Reached XP level 8. HP: 49/72 MP: 9/9
  1713 | D:5      | Found a white marble altar of Elyvilon.
  1762 | D:5      | Noticed Pikel
  1788 | D:5      | Killed Pikel
  1790 | D:5      | Reached skill level 5 in Invocations
  1883 | D:5      | Killed Crazy Yiuf
  2173 | D:6      | Found a snail-covered altar of Cheibriados.
  2297 | D:6      | Reached * piety under Makhleb
  2527 | D:6      | Gained mutation: You passively map the area around you.
                  | [Deep Dwarf growth]
  2527 | D:6      | Reached XP level 9. HP: 40/80 MP: 11/11
  3221 | D:7      | Reached skill level 5 in Fighting
  3242 | D:7      | Noticed Prince Ribbit
  3476 | D:7      | Reached ** piety under Makhleb
  3523 | D:7      | Got a fine iron amulet
  3687 | D:7      | Identified the amulet "Ceulup Soha" {MR+ Regen+ Str+5
                  | Dex-5} (You found it on level 7 of the Dungeon)
  3775 | D:7      | Found a basalt altar of Yredelemnul.
  3775 | D:7      | Found a sacrificial altar of Ru.
  3858 | D:7      | Killed Prince Ribbit
  3987 | D:7      | Identified a scroll of acquirement
  3987 | D:7      | Acquired a +5 vorpal broad axe
  4113 | D:8      | Noticed Psyche
  4119 | D:8      | Killed Psyche
  4133 | D:8      | Found a flagged portal.
  4144 | Bailey   | Entered a bailey
  4185 | Bailey   | Reached XP level 10. HP: 72/88 MP: 10/12
  5016 | D:9      | Reached *** piety under Makhleb
  5189 | D:9      | Found a staircase to the Orcish Mines.
  5211 | D:9      | Reached skill level 5 in Throwing
  5241 | D:9      | Noticed a two-headed ogre
  5254 | D:9      | Killed a two-headed ogre
  5626 | D:10     | Entered Level 10 of the Dungeon
  5634 | D:10     | Reached **** piety under Makhleb
  5685 | D:10     | Reached skill level 10 in Axes
  5689 | D:10     | Reached skill level 10 in Invocations
  5689 | D:10     | Reached XP level 11. HP: 46/97 MP: 13/13
  6240 | D:11     | Found a staircase to the Lair.
  6459 | D:11     | Found Teaxeywim's Armour Shoppe.
  6462 | D:11     | Bought the +3 crown of Dyrovepreva {rElec Int+2 SInv} for
                  | 579 gold pieces
  6462 | D:11     | Found the +3 crown of Dyrovepreva {rElec Int+2 SInv}
  6462 | D:11     | Bought a +1 pair of gloves of strength for 231 gold pieces
  6673 | D:11     | Reached ***** piety under Makhleb
  6821 | D:11     | Reached skill level 1 in Dodging
  6821 | D:11     | Reached skill level 1 in Evocations
  7019 | Lair:1   | Entered Level 1 of the Lair of Beasts
  7338 | D:12     | Noticed a boulder beetle
  7354 | D:12     | Slain by a very large slime creature

Illustrated notes

Levels and vault maps discovered:
D:1:      onia_arrival_handbag, layout_loops_cross, minmay_pentomino_o2
D:2:      layout_loops_ring, old_standard_altar,
          chequers_ecumenical_altar_simple_redux, minmay_joined_circles
D:3:      layout_loops_ring, tgw_sif, nicolae_gozag_zags_fifth_avenue,
          old_standard_altar, uniq_ijyb
D:4:      layout_basic, minivault_14
D:5:      layout_rooms, lemuel_doored_altar, minmay_temple_entry_mist,
          kennysheep_generic_room_6, uniq_blork_the_orc, uniq_edmund,
          uniq_crazy_yiuf_cottage, uniq_pikel, uniq_duvessa
D:6:      layout_layer_cave, cheibriados_altar_1
D:7:      layout_gridville, gammafunk_temple_overflow_statue,
          uniq_prince_ribbit1
D:8:      layout_basic, enter_bailey_2, uniq_psyche
D:9:      layout_irregular_city, kennysheep_orc_monster_closet_entryway,
          kennysheep_generic_room_8
D:10:     layout_rooms, serial_corexii_hall, corexii_hall_statues_l,
          corexii_hall_statues_i
D:11:     layout_basic, lair_entry_dummy, special_room [special_room_bee],
          serial_shops, nicolae_shop_behind_doors
D:12:     layout_loops_ring, uniq_nessos
Temple:   nicolae_temple_great_sept
Lair:1:   layout_chaotic_city

Skill      XL: |  1  2  3  4  5  6  7  8  9 10 11 |
---------------+----------------------------------+-----
Axes           | 3 4 5 6 7 8 10 11 | 11.1
Fighting       | 3 4 5 6 |  6.9
Throwing       | 1 2 3 4 5 |  5.7
Armour         | 4 5 6 7 8 |  8.3
Shields        | 4 5 6 7 8 |  8.3
Invocations    | 3 5 8 10 11 | 11.3
Dodging        | 2 |  2.4
Evocations     | 2 |  2.7

Action                   |  1- 3 |  4- 6 |  7- 9 | 10-12 || total
-------------------------+-------+-------+-------+-------++-------
Melee: War axe           |    91 |    69 |       |       ||   160
       Broad axe         |       |       |   403 |   477 ||   880
 Abil: Heal Wounds       |       |     4 |    16 |     6 ||    26
Evoke: Wand              |       |       |       |     4 ||     4
  Use: Scroll            |       |       |    22 |     5 ||    27
Armor: Scale mail        |    34 |    22 |       |       ||    56
       Plate armour      |       |    11 |   334 |   407 ||   752
Dodge: Dodged            |    30 |    21 |   112 |   209 ||   372
Block: Kite shield       |    49 |    43 |   369 |   514 ||   975

Table legend: (Time is in decaauts)
 A = Elapsed time spent in this place.
 B = Non-inter-level travel time spent in this place.
 C = Inter-level travel time spent in this place.
 D = Time resting spent in this place.
 E = Time spent auto-exploring this place.
 F = Levels seen in this place.
 G = Mean time per level.
                   A        B        C        D        E       F      G
               +--------+--------+--------+--------+--------+-----+--------+
         Total |   7701 |   7309 |    392 |      0 |   5108 |  15 |  513.4 |
       Dungeon |   7310 |   6963 |    347 |      0 |   5003 |  12 |  609.2 |
        Temple |     76 |     69 |      7 |      0 |     49 |   1 |   76.0 |
          Lair |    155 |    117 |     38 |      0 |     56 |   1 |  155.0 |
        Bailey |    158 |    158 |      0 |      0 |      0 |   1 |  158.0 |
               +--------+--------+--------+--------+--------+-----+--------+

Top non-repeatable levels by time:
     D:6: 1245 daAuts
     D:7: 943 daAuts
    D:11: 933 daAuts
     D:9: 792 daAuts
     D:8: 718 daAuts
     D:5: 691 daAuts
     D:4: 687 daAuts
    D:10: 530 daAuts
     D:1: 468 daAuts
    D:12: 184 daAuts
  Bailey: 158 daAuts
  Lair:1: 155 daAuts
  Temple: 76 daAuts
     D:2: 60 daAuts
     D:3: 54 daAuts
